 Dungeon Crawl Stone Soup version 0.19-a0-994-g3c636f0 (webtiles) character file.

228 matakusis the Ducker (level 5, -9/61 HPs)
             Began as a Demonspawn Gladiator on July 17, 2016.
             Killed from afar by an orc wizard (10 damage)
             ... with a puff of flame
             ... on level 3 of the Dungeon.
             The game lasted 00:06:33 (2545 turns).

matakusis the Ducker (Demonspawn Gladiator)         Turns: 2545, Time: 00:06:42

Health: -9/61      AC:  4    Str: 20    XL:     5   Next: 70%
Magic:  5/5        EV: 14    Int:  9    God:
Gold:   102        SH:  0    Dex: 15    Spells: 0 memorised, 4 levels left

rFire  . . .     SeeInvis .     a - +0 long sword
rCold  + . .     Gourm    .     b - +0 leather armour
rNeg   . . .     Faith    .     (no shield)
rPois  .         Spirit   .     (helmet restricted)
rElec  .         Dismiss  .     m - +0 cloak
rCorr  .         Reflect  .     (no gloves)
SustAt .         Harm     .     (no boots)
MR     .....                    (no amulet)
Stlth  ..........               (no ring)
                                (no ring)

@: berserking, very quick, not resistant to hostile enchantments, extremely
unstealthy
A: horns 1, cold resistance 1, demonic guardian 1
a: no special abilities


You were on level 3 of the Dungeon.
You were not hungry.

You visited 1 branch of the dungeon, and saw 3 of its levels.

You collected 102 gold pieces.

Inventory:

Hand Weapons
 a - a +0 long sword (weapon)
Missiles
 d - 3 throwing nets (quivered)
Armour
 b - a +0 leather armour (worn)
 c - a +0 helmet
 m - a +0 cloak (worn)
 t - a troll hide {Purgy}
Scrolls
 e - a scroll of enchant weapon {unknown}
 g - 2 scrolls of remove curse {unknown}
 i - a scroll of noise {unknown}
 l - 2 scrolls of fear {unknown}
 o - a scroll of teleportation {unknown}
 r - 5 scrolls of identify {unknown}
Potions
 h - 2 potions of berserk rage
 j - a potion of brilliance {unknown}
 k - 3 potions of flight {unknown}
 n - a potion of lignification {unknown}
 p - a potion of curing {unknown}
 q - 2 potions of agility
Comestibles
 f - a bread ration
 s - 3 chunks of flesh


   Skills:
 * Level 3.3 Fighting
 + Level 3.6 Long Blades
 - Level 1.7 Throwing
 * Level 4.6 Dodging


You had 4 spell levels left.
You didn't know any spells.

Dungeon Overview and Level Annotations

Branches:
Dungeon (3/15)

Altars:
Dithmenos
Nemelex Xobeh


Innate Abilities, Weirdness & Mutations

You have a pair of small horns on your head.
Your flesh is cold resistant. (rC+)
A weak demonic guardian rushes to your aid.


Message History

Something hits you.
* * * LOW HITPOINT WARNING * * *
You closely miss something.
Something hits you but does no damage. x2
You closely miss something.
You hear some strange, mumbled words.
A magic dart appears from out of thin air!
The magic dart hits you!
* * * LOW HITPOINT WARNING * * *
Something hits you but does no damage.
You hear some strange, mumbled words.
A puff of frost appears from out of thin air!
The puff of frost hits you! You resist.
* * * LOW HITPOINT WARNING * * *
It was a potion of berserk rage.
A red film seems to cover your vision as you go berserk!
You feel yourself moving faster!
You feel mighty!
You hear some strange, mumbled words.
A puff of flame appears from out of thin air!
The puff of flame hits you!
You die...

###..............≈≈≈≈≈.≈≈≈≈......
##..#######....(.≈≈≈≈≈.≈≈≈≈.#####
#................≈≈≈≈≈.≈≈≈≈....#
....#######...÷.............##.#
...## ######...).........#.# ####
#.##########....# #.# ###### #.#
#@# #.# #o# #[# ..# ####


You could see an orc.

Vanquished Creatures
  An orc priest (D:3)
  Terence (D:3)
  3 adders
  An ooze (D:3)
  2 worms (D:2)
  2 dart slugs
  2 giant geckos
  2 orcs (D:3)
  9 bats
  4 giant cockroaches
  7 goblins
  6 hobgoblins
  A quokka (D:2)
  A ball python (D:3)
  A giant newt (D:3)
  8 kobolds
  8 rats
59 creatures vanquished.

Vanquished Creatures (collateral kills)
  Purgy (D:3)
  A giant cockroach (D:3)
2 creatures vanquished.

Grand Total: 61 creatures vanquished

Notes
Turn   | Place    | Note
-------+----------+-------------------------------------------
     0 | D:1      | matakusis the Demonspawn Gladiator began the quest for the Orb.
     0 | D:1      | Reached XP level 1. HP: 16/16 MP: 1/1
    62 | D:1      | Reached skill level 3 in Dodging
   142 | D:1      | Gained mutation: You have a pair of small horns on your head. [demonic ancestry]
   142 | D:1      | Reached XP level 2. HP: 22/22 MP: 2/2
   591 | D:2      | Gained mutation: A weak demonic guardian rushes to your aid. [demonic ancestry]
   591 | D:2      | Reached XP level 3. HP: 7/27 MP: 3/3
  1315 | D:2      | Found a shadowy altar of Dithmenos.
  1485 | D:2      | Reached XP level 4. HP: 25/34 MP: 4/4
  1832 | D:3      | Noticed Terence
  1847 | D:3      | Killed Terence
  1847 | D:3      | Reached skill level 4 in Dodging
  1999 | D:3      | Found a sparkling altar of Nemelex Xobeh.
  2021 | D:3      | Noticed Purgy
  2042 | D:3      | Killed Purgy
  2042 | D:3      | Gained mutation: Your flesh is cold resistant. (rC+) [demonic ancestry]
  2042 | D:3      | Reached XP level 5. HP: 20/41 MP: 5/5
  2544 | D:3      | HP: 1/41 [something/puff of frost (3)]
  2545 | D:3      | Killed from afar by an orc wizard

Vault maps used:
D:1:      dpeg_arrival_leaves_temple_mockup
D:2:      nicolae_dithmenos_through_a_glass_darkly
D:3:      minivault_14, nemelex_diamond_rough_becter, uniq_terence, uniq_purgy

Skill      XL: |  1  2  3  4 |
---------------+-------------+-----
Dodging        | 3 4 |  4.6
Long Blades    | 3 |  3.6
Fighting       | 3 |  3.3
Throwing       | |  1.7

Action                   |  1- 3 |  4- 6 || total
-------------------------+-------+-------++-------
Melee: Long sword        |   120 |    92 ||   212
       Headbutt          |    19 |    15 ||    34
  Use: Potion            |       |     1 ||     1
 Stab: Sleeping          |     1 |       ||     1
  Eat: Chunk             |     2 |     3 ||     5
Armor: Leather armour    |    21 |    18 ||    39
Dodge: Dodged            |    70 |    46 ||   116
